 Dungeon Crawl Stone Soup version 0.14-a0-2986-gd1872aa (webtiles) character file.

114 Froboctopus the Changer (level 3, 0/15 HPs)
             Began as a Felid Transmuter on Mar 6, 2014.
             Succumbed to an adder's poison
             ... on Level 2 of the Dungeon.
             The game lasted 00:03:38 (2055 turns).

Froboctopus the Changer (Felid Transmuter)          Turns: 2055, Time: 00:03:38

HP   0/15        AC  1     Str  7      XL: 3   Next: 94%
MP   8/8         EV 18     Int 19      God:
Gold 49          SH  0     Dex 16      Spells:  2 memorised,  3 levels left
Lives: 0, deaths: 0

rFire  . . .     SeeInvis +       - Unarmed
rCold  . . .     Clarity  .     (armour unavailable)
rNeg   . . .     Conserve .     (shield unavailable)
rPois  .         rCorr    .     (helmet unavailable)
rElec  .         rRot     .     (cloak unavailable)
SustAb . .       Spirit   .     (gloves unavailable)
rMut   .         Warding  .     (boots unavailable)
Saprov . . .     Stasis   .     (no amulet)
MR     .....                    (no ring)
                                (no ring)

@: brilliant, mildly poisoned, quick, not resistant to hostile enchantments,
fairly stealthy
A: paw claws, no armour, no weapons or thrown items, fangs 3, see invisible,
carnivore 3, speed 1, shaggy fur 1, slow metabolism 1, jump 1
a: Jump Attack


You were on level 2 of the Dungeon.
You were very full.

You visited 1 branch of the dungeon, and saw 2 of its levels.

You collected 49 gold pieces.

Inventory:

Missiles
 b - 12 arrows
Comestibles
 a - a meat ration
Scrolls
 c - 2 scrolls of identify {unknown}
 e - a scroll of enchant weapon I {unknown}
 g - a scroll of blinking {unknown}
 i - a scroll of noise {unknown}
 j - a scroll of fear {unknown}
 k - a scroll of enchant weapon II {unknown}
 l - a scroll of fog {unknown}
Jewellery
 f - an uncursed ring of ice
Books
 d - a book of Changes

   Spells                             Type                      Level
   *Beastly Appendage                 Transmutation                1
   Sticks to Snakes                   Transmutation                2
   *Spider Form                       Transmutation/Poison         3
   Ice Form                           Ice/Transmutation            4
   Blade Hands                        Transmutation                5


   Skills:
 - Level 1.0 Fighting
 - Level 2.6 Dodging
 - Level 3.0 Unarmed Combat
 + Level 2.8 Spellcasting
 * Level 4.0 Transmutations


You had 3 spell levels left.
You knew the following spells:

 Your Spells              Type           Power        Failure   Level  Hunger
a - Beastly Appendage     Trmt           ####..       1%          1    None
b - Spider Form           Trmt/Pois      ###.......   2%          3    ###....


Dungeon Overview and Level Annotations

Branches:
Dungeon (2/16)

Altars:


Innate Abilities, Weirdness & Mutations

You cannot wear armour.
You are incapable of wielding weapons or throwing items.
Your paws have sharp claws.*
You have razor-sharp teeth.*
You have supernaturally acute eyesight.
You are carnivorous and can eat meat at any time.
You cover ground quickly.*
You are covered in fur (AC +1).*
You have a slow metabolism.
You can jump attack at a short distance.


Message History

Drink which item? (? for menu, Esc to quit)
You feel clever all of a sudden.
It was a potion of brilliance.
The jackal misses you.
Read which item? (? for menu, Esc to quit)
Okay, then.
You barely miss the jackal. Your headbutt misses the jackal.
Your punch misses the jackal.
* * * LOW HITPOINT WARNING * * *
You feel sick. The jackal completely misses you. The jackal misses you.
You closely miss the jackal. The jackal misses you.
You scratch the jackal.
The jackal begins to bleed from its wounds!
The jackal is severely wounded.
The jackal closely misses you.
You barely miss the jackal. You headbutt the jackal.
You kill the jackal!
You see here an adder corpse.
You start resting.
Your horns disappear.
You die...

####.# #..# # #.##
#. #.# ##. ####
####'## ...
#..###...... #.#
#.)#.'...%.. #..##
#..#.#...... #@#
#..#.#....<.
#.#####..(.#.(....
#........#########
##########


There were no monsters in sight!

Vanquished Creatures
  An adder (D:2)
  A worm (D:2)
  A giant gecko (D:1)
  An ooze (D:1)
  A ball python (D:1)
  7 bats
  2 giant cockroaches
  6 hobgoblins
  5 jackals
  7 kobolds
  A giant newt (D:2)
  7 goblins
  4 rats
44 creatures vanquished.

Notes
Turn   | Place    | Note
--------------------------------------------------------------
     0 | D:1      | Froboctopus, the Felid Transmuter, began the quest for the Orb.
     0 | D:1      | Reached XP level 1. HP: 9/9 MP: 4/4
   254 | D:1      | Reached XP level 2. HP: 10/12 MP: 4/6
  1026 | D:1      | Reached XP level 3. HP: 13/15 MP: 6/8
  1182 | D:2      | Learned a level 3 spell: Spider Form
  2047 | D:2      | Reached skill level 4 in Transmutations
  2055 | D:2      | Succumbed to an adder's poison

Action                   || total
-------------------------++-------
Melee: Unarmed           ||   131
 Cast: Beastly Appendage ||    21
 Abil: Jump Attack       ||     3
  Use: Potion            ||     1
 Stab: Sleeping          ||     6
